Map: Orbital Shipyard

Players

BarCode - Winner!

  • Race: Terran Terran
  • League: Grandmaster

Javert

  • Race: Zerg Zerg
  • League: Grandmaster

VOD

Have the link to the VOD?

Description

Time

  • Played on: Sept. 22, 2015, 9:10 p.m.
  • Length: 6:12
Show
View Real Time Build Order
Export as new Build Order

BarCode Terran - Winner!

Build Orders: Command Center First (CC) 

Get SALT Encoding   

  12  0:01  SCV  
  13  0:13  SCV  
  14  0:18  Supply Depot  
  14  0:25  SCV  
  15  0:40  SCV  
  16  0:56  Command Center  
  16  0:59  SCV  
  17  1:11  SCV  
  17  1:16  Barracks  
  18  1:25  SCV, Refinery  
  19  1:37  SCV  
  20  1:45  Supply Depot  
  20  1:49  SCV  
  21  2:01  SCV  
  21  2:06  Marine  
  23  2:10  Orbital Command  
  23  2:15  Orbital Command  
  23  2:20  Refinery  
  23  2:31  Factory  
  23  2:38  SCV  
  23  2:41  SCV  
  25  2:54  Barracks  
  25  2:55  Barracks  
  25  2:56  SCV  
  26  2:59  Barracks Reactor  
  26  3:00  SCV  
  27  3:08  SCV  
  28  3:13  SCV  
  28  3:17  Starport  
  28  3:18  Factory Reactor  
  29  3:20  SCV  
  29  3:25  SCV, Refinery  
  31  3:32  SCV  
  32  3:36  Marine x2  
  32  3:37  SCV  
  35  3:42  Barracks Tech Lab  
  35  3:43  Barracks Reactor  
  35  3:44  SCV  
  36  3:49  SCV  
  36  3:54  Marine x2  
  39  3:56  SCV  
  39  3:57  Widow Mine x2  
  39  4:01  SCV  
  45  4:06  Supply Depot x2, Stimpack  
  45  4:07  Starport Reactor  
  45  4:09  SCV  
  46  4:11  Supply Depot  
  46  4:19  Supply Depot  
  46  4:27  SCV x2, Marine x5  
  53  4:32  Widow Mine  
  53  4:33  Widow Mine  
  57  4:39  SCV x2  
  57  4:44  Medivac x2  
  57  4:45  Marine x2  
  65  4:50  Marine x3  
  65  4:51  SCV x2  
  70  4:59  Command Center  
  70  5:04  Marine x2  
  70  5:05  Widow Mine x2  
  76  5:12  Marine x2  
  77  5:20  Engineering Bay x2  
  77  5:21  SCV  
  78  5:24  Supply Depot, Refinery  
  78  5:25  Supply Depot  
  78  5:39  Supply Depot x2  
  78  5:43  Supply Depot  
  78  5:44  Supply Depot  
  78  5:46  SCV x2, Marine x4  
  78  5:49  Supply Depot  
  84  5:52  Marine  
  89  5:58  SCV  
Show
View Real Time Build Order
Export as new Build Order

Javert Zerg 

Build Orders: Hatch First 

Get SALT Encoding   

  12  0:02  Drone  
  13  0:13  Overlord  
  13  0:17  Drone  
  14  0:31  Drone  
  14  0:32  Drone  
  16  0:36  Drone  
  17  0:55  Hatchery, Drone  
  17  1:01  Drone, Extractor  
  17  1:08  Drone  
  18  1:20  Drone, Spawning Pool  
  18  1:33  Drone  
  19  1:46  Drone  
  20  1:54  Overlord  
  20  2:02  Drone  
  20  2:07  Metabolic Boost  
  20  2:08  Queen  
  21  2:09  Queen  
  21  2:14  Overlord  
  25  2:17  Drone  
  26  2:23  Drone  
  26  2:25  Drone  
  26  2:29  Drone  
  29  2:43  Hatchery  
  28  2:56  Drone x5  
  33  3:10  Drone x2  
  35  3:19  Roach Warren  
  34  3:21  Drone x4  
  34  3:22  Drone x3  
  41  3:28  Overlord  
  41  3:34  Extractor  
  41  3:35  Extractor  
  41  3:39  Queen  
  41  3:42  Overlord  
  41  3:47  Overlord  
  41  4:00  Roach x4  
  41  4:02  Roach x3  
  55  4:05  Overlord  
  61  4:17  Drone x6  
  61  4:25  Overlord  
  61  4:26  Lair  
  61  4:39  Drone x4  
  61  4:40  Drone x3  
  68  4:46  Extractor  
  68  4:52  Spine Crawler  
  66  4:53  Spine Crawler  
  66  4:58  Spine Crawler  
  66  4:59  Roach  
  70  5:00  Roach x2  
  70  5:07  Overlord  
  70  5:10  Drone x5  
  75  5:23  Overlord  
  75  5:24  Evolution Chamber  
  75  5:27  Evolution Chamber  
  73  5:29  Drone x7  
  73  5:31  Drone  
  81  5:37  Baneling Nest  
  80  5:43  Overlord  
  80  5:50  Overseer  
  80  5:52  Overlord  
Tags
 
Add a new tag
Caveats
  • Supply blocks, unpowered buildings, or Contaminate may cause inaccurate times.
  • Supply counts are checked every 10 seconds.